[ AOE2 MATCH · #464621663 ]
1v1 RMPortuguese vs Italians
Player's team · WIN
Rival team · LOSS
[ REPLAY ANALYSIS · EXTRACTED FROM THE RECORDED GAME ]
Feudal
9:47
Castle
23:12
Imperial
39:42
| APM avg | 39.3 |
| APM peak | 73 |
| eAPM avg | 19.7 |
| Villagers / military | 125 / 119 |
Focus
⚔️ 44.0% · 🌾 56.0%
Archer ×56 · Skirmisher ×30 · Knight ×16 · Mangonel ×7 · Militia ×5 · Monk ×2
Feudal
9:33
Castle
22:50
Imperial
39:42
| APM avg | 52.4 |
| APM peak | 74 |
| eAPM avg | 23.0 |
| Villagers / military | 110 / 119 |
Focus
⚔️ 48.3% · 🌾 51.7%
Archer ×112 · Militia ×3 · Mangonel ×2 · Monk ×1 · Trebuchet (Packed) ×1
Match map
Initial resources + every placement click. Lines = walls · curves = elevation contours. ◆ gold · ⬟ stone · ● berries · ✦ relic · ◌ wall gap
Your base· ✓ Closed at 23:12 · 32t walls · no gate
Alt+F4 | Popo's base· ✓ Closed at 22:50 · 35t walls · 2 gate(s)
Smoothed initial terrain · ◌ = detected wall gap · hover for details
Inputs per minute
— HeN.Razius33 - - Alt+F4 | Popo
Build order — HeN.Razius33
First 150 of 422 actions detected
| 0:00 | Create | Villager (Male) ×4 |
| 0:02 | Build | House |
| 0:04 | Build | House |
| 1:28 | Create | Villager (Male) |
| 1:52 | Build | Lumber Camp |
| 1:57 | Create | Villager (Male) |
| 2:20 | Create | Villager (Male) |
| 2:53 | Create | Villager (Male) |
| 3:14 | Create | Villager (Male) |
| 3:39 | Create | Villager (Male) |
| 3:52 | Build | House |
| 4:00 | Create | Villager (Male) |
| 4:05 | Build | House |
| 4:26 | Create | Villager (Male) |
| 4:54 | Create | Villager (Male) |
| 5:06 | Build | Barracks |
| 5:22 | Create | Villager (Male) |
| 5:58 | Create | Villager (Male) |
| 6:06 | Build | House |
| 6:27 | Create | Villager (Male) |
| 6:33 | Research | Loom |
| 6:38 | Create | Villager (Male) |
| 6:39 | Research | Loom |
| 6:46 | Build | Palisade Wall |
| 6:47 | Build | Palisade Wall |
| 7:11 | Build | Mining Camp |
| 7:28 | Research | Feudal Age |
| 8:06 | Build | Palisade Wall |
| 8:10 | Build | Palisade Wall |
| 8:23 | Create | Militia |
| 8:23 | Create | Militia |
| 8:24 | Create | Militia |
| 8:54 | Build | House |
| 9:14 | Build | Mill |
| 9:25 | Create | Militia |
| 9:28 | Create | Villager (Male) |
| 9:47 | Age | Feudal Age |
| 9:54 | Research | Man-at-Arms (upgrade) |
| 10:04 | Build | House |
| 10:26 | Create | Villager (Male) |
| 10:34 | Build | Archery Range |
| 10:40 | Build | Farm |
| 10:41 | Build | Farm |
| 10:49 | Create | Villager (Male) |
| 11:18 | Build | Farm |
| 11:28 | Build | Farm |
| 11:40 | Create | Villager (Male) |
| 11:50 | Create | Archer |
| 11:52 | Build | House |
| 11:53 | Build | Palisade Wall |
| 12:05 | Create | Villager (Male) |
| 12:21 | Create | Villager (Male) |
| 12:45 | Create | Villager (Male) |
| 12:50 | Create | Archer |
| 12:54 | Build | Farm |
| 12:56 | Build | Farm |
| 13:00 | Build | House |
| 13:05 | Build | Palisade Wall |
| 13:13 | Research | Double-Bit Axe |
| 13:18 | Create | Villager (Male) |
| 13:29 | Create | Militia |
| 13:47 | Create | Villager (Male) |
| 13:51 | Create | Archer |
| 13:58 | Create | Villager (Male) |
| 14:17 | Create | Villager (Male) |
| 14:18 | Create | Archer |
| 14:25 | Build | Blacksmith |
| 14:40 | Create | Villager (Male) |
| 14:48 | Build | Farm |
| 14:56 | Create | Archer |
| 15:04 | Create | Skirmisher |
| 15:10 | Build | House |
| 15:24 | Create | Villager (Male) |
| 15:46 | Research | Fletching |
| 15:47 | Create | Villager (Male) |
| 15:58 | Build | House |
| 16:01 | Build | Farm |
| 16:03 | Build | Farm |
| 16:06 | Build | Farm |
| 16:09 | Create | Villager (Male) |
| 16:11 | Create | Archer |
| 16:23 | Research | Padded Archer Armor |
| 16:38 | Build | Lumber Camp |
| 16:39 | Create | Villager (Male) |
| 16:40 | Build | House |
| 17:04 | Build | Farm |
| 17:04 | Create | Villager (Male) |
| 17:25 | Create | Villager (Male) |
| 17:27 | Create | Archer |
| 17:42 | Build | Farm |
| 17:44 | Build | Farm |
| 17:45 | Create | Villager (Male) |
| 17:53 | Build | Farm |
| 18:02 | Create | Villager (Male) |
| 18:03 | Create | Skirmisher |
| 18:16 | Build | Farm |
| 18:17 | Build | Farm |
| 18:18 | Create | Villager (Male) |
| 18:24 | Build | Farm |
| 18:31 | Create | Villager (Male) |
| 18:47 | Research | Arson |
| 18:59 | Create | Villager (Male) |
| 19:26 | Create | Skirmisher |
| 19:30 | Create | Villager (Male) |
| 19:55 | Create | Villager (Male) |
| 20:01 | Create | Villager (Male) |
| 20:32 | Research | Castle Age |
| 20:32 | Research | Castle Age |
| 21:13 | Build | Archery Range |
| 21:15 | Create | Archer |
| 21:17 | Create | Villager (Male) |
| 21:22 | Build | Lumber Camp |
| 21:26 | Research | Gold Mining |
| 21:33 | Research | Horse Collar |
| 21:38 | Create | Archer |
| 21:48 | Build | Farm |
| 21:51 | Build | Farm |
| 22:13 | Create | Archer |
| 22:13 | Create | Archer |
| 22:20 | Build | Lumber Camp |
| 22:45 | Create | Archer |
| 22:46 | Create | Archer |
| 22:55 | Create | Archer |
| 23:03 | Create | Villager (Male) |
| 23:12 | Age | Castle Age |
| 23:15 | Build | Town Center |
| 23:19 | Research | Crossbowman (upgrade) |
| 23:19 | Research | Bodkin Arrow |
| 23:20 | Research | Bodkin Arrow |
| 23:23 | Create | Villager (Male) |
| 23:29 | Create | Archer |
| 23:29 | Create | Archer |
| 23:36 | Create | Villager (Male) |
| 23:46 | Research | Bow Saw |
| 24:09 | Create | Villager (Male) |
| 24:15 | Build | University |
| 24:24 | Create | Archer |
| 24:25 | Create | Archer |
| 24:39 | Build | House |
| 24:41 | Build | House |
| 24:59 | Create | Archer |
| 24:59 | Create | Archer |
| 25:00 | Create | Villager (Male) |
| 25:01 | Create | Villager (Male) |
| 25:09 | Research | Town Watch |
| 25:10 | Research | Wheelbarrow |
| 25:17 | Create | Archer |
| 25:18 | Create | Archer |
| 25:41 | Research | Ballistics |
| 25:48 | Create | Villager (Male) |
Build order — Alt+F4 | Popo
First 150 of 314 actions detected
| 0:01 | Create | Villager (Male) ×4 |
| 0:03 | Build | House |
| 0:04 | Build | House |
| 1:42 | Create | Villager (Male) |
| 2:04 | Create | Villager (Male) |
| 2:15 | Build | Lumber Camp |
| 2:22 | Create | Villager (Male) |
| 2:47 | Create | Villager (Male) |
| 3:16 | Create | Villager (Male) |
| 3:43 | Create | Villager (Male) |
| 3:51 | Build | House |
| 4:03 | Create | Villager (Male) |
| 4:03 | Create | Villager (Male) |
| 4:46 | Create | Villager (Male) |
| 4:47 | Create | Villager (Male) |
| 5:11 | Build | Barracks |
| 5:13 | Create | Villager (Male) |
| 5:36 | Create | Villager (Male) |
| 5:37 | Create | Villager (Male) |
| 6:02 | Build | House |
| 6:06 | Research | Loom |
| 6:40 | Build | Palisade Wall |
| 6:58 | Create | Villager (Male) |
| 7:14 | Build | Mining Camp |
| 7:23 | Research | Feudal Age |
| 7:43 | Create | Militia |
| 7:59 | Create | Militia |
| 8:20 | Build | Mill |
| 8:29 | Create | Militia |
| 8:43 | Build | House |
| 9:05 | Create | Villager (Male) |
| 9:09 | Build | Farm |
| 9:10 | Build | Farm |
| 9:13 | Build | Palisade Wall |
| 9:14 | Build | Palisade Wall |
| 9:15 | Build | Palisade Wall |
| 9:15 | Build | Palisade Wall |
| 9:16 | Build | Palisade Wall |
| 9:17 | Build | Palisade Wall |
| 9:18 | Build | Palisade Wall |
| 9:19 | Build | Palisade Wall |
| 9:19 | Build | Palisade Wall |
| 9:21 | Build | Palisade Wall |
| 9:33 | Age | Feudal Age |
| 9:46 | Research | Man-at-Arms (upgrade) |
| 9:50 | Build | Farm |
| 10:11 | Build | Farm |
| 10:12 | Create | Villager (Male) |
| 10:23 | Build | House |
| 10:24 | Build | Palisade Wall |
| 10:42 | Build | Farm |
| 10:43 | Create | Villager (Male) |
| 10:43 | Create | Villager (Male) |
| 11:21 | Create | Villager (Male) |
| 11:30 | Build | House |
| 11:39 | Build | House |
| 11:41 | Build | Palisade Wall |
| 11:43 | Build | Palisade Wall |
| 11:45 | Build | Palisade Wall |
| 11:52 | Create | Villager (Male) |
| 12:03 | Build | Archery Range |
| 12:23 | Create | Villager (Male) |
| 12:50 | Create | Villager (Male) |
| 12:51 | Create | Archer |
| 12:54 | Build | Farm |
| 13:11 | Research | Double-Bit Axe |
| 13:20 | Create | Archer |
| 13:30 | Create | Villager (Male) |
| 13:30 | Create | Villager (Male) |
| 13:39 | Build | Farm |
| 13:49 | Create | Archer |
| 14:20 | Build | Palisade Wall |
| 14:21 | Create | Archer |
| 14:22 | Create | Villager (Male) |
| 14:29 | Build | Farm |
| 14:34 | Create | Villager (Male) |
| 14:41 | Create | Villager (Male) |
| 14:47 | Build | Palisade Wall |
| 14:51 | Create | Villager (Male) |
| 14:51 | Create | Archer |
| 14:54 | Build | Farm |
| 15:01 | Build | Farm |
| 15:10 | Create | Villager (Male) |
| 15:14 | Build | Farm |
| 15:23 | Build | Palisade Wall |
| 15:24 | Build | Palisade Wall |
| 15:24 | Build | Palisade Wall |
| 15:25 | Build | Palisade Wall |
| 15:36 | Create | Villager (Male) |
| 15:43 | Build | Blacksmith |
| 15:48 | Create | Villager (Male) |
| 15:55 | Create | Archer |
| 16:17 | Build | House |
| 16:22 | Build | House |
| 16:24 | Build | House |
| 16:29 | Create | Archer |
| 16:34 | Research | Fletching |
| 16:58 | Build | Palisade Gate |
| 17:01 | Create | Villager (Male) |
| 17:05 | Build | Farm |
| 17:07 | Create | Archer |
| 17:11 | Build | Palisade Wall |
| 17:15 | Build | Farm |
| 17:19 | Research | Padded Archer Armor |
| 17:20 | Research | Padded Archer Armor |
| 17:32 | Create | Villager (Male) ×5 |
| 17:33 | Create | Archer |
| 17:47 | Build | Farm |
| 18:01 | Build | House |
| 18:07 | Create | Archer |
| 18:16 | Build | Lumber Camp |
| 18:20 | Create | Archer |
| 18:42 | Create | Archer |
| 19:04 | Build | Watch Tower |
| 19:22 | Create | Villager (Male) |
| 19:25 | Build | Palisade Gate |
| 20:07 | Build | Farm |
| 20:10 | Research | Castle Age |
| 20:15 | Create | Archer |
| 20:21 | Build | House |
| 20:26 | Build | Archery Range |
| 20:59 | Create | Archer |
| 21:29 | Create | Archer |
| 21:51 | Build | House |
| 22:07 | Create | Archer |
| 22:07 | Create | Archer |
| 22:10 | Research | Horse Collar |
| 22:18 | Research | Gold Mining |
| 22:50 | Age | Castle Age |
| 22:51 | Create | Villager (Male) |
| 22:52 | Research | Crossbowman (upgrade) |
| 22:56 | Research | Bodkin Arrow |
| 23:05 | Build | House |
| 23:10 | Create | Villager (Male) |
| 23:29 | Build | Siege Workshop |
| 23:34 | Create | Archer |
| 23:36 | Create | Villager (Male) |
| 23:50 | Create | Villager (Male) |
| 23:58 | Build | House |
| 24:01 | Create | Archer |
| 24:01 | Create | Archer |
| 24:02 | Create | Villager (Male) |
| 24:15 | Create | Villager (Male) |
| 24:17 | Create | Archer |
| 24:17 | Create | Archer |
| 24:36 | Build | University |
| 24:47 | Create | Villager (Male) |
| 24:59 | Create | Archer |
| 24:59 | Create | Archer |
| 25:00 | Create | Villager (Male) ×3 |
Match timeline
| 5:06 | HeN.Razius33 · first_building Barracks |
| 5:11 | Alt+F4 | Popo · first_building Barracks |
| 6:40 | Alt+F4 | Popo · wall_segment Palisade Wall x1 |
| 6:46 | HeN.Razius33 · wall_segment Palisade Wall x1 |
| 6:47 | HeN.Razius33 · wall_segment Palisade Wall x1 |
| 8:06 | HeN.Razius33 · wall_segment Palisade Wall x4 |
| 8:10 | HeN.Razius33 · wall_segment Palisade Wall x11 |
| 9:13 | Alt+F4 | Popo · wall_segment Palisade Wall x1 |
| 9:14 | Alt+F4 | Popo · wall_segment Palisade Wall x1 |
| 9:15 | Alt+F4 | Popo · wall_segment Palisade Wall x1 |
| 9:15 | Alt+F4 | Popo · wall_segment Palisade Wall x1 |
| 9:16 | Alt+F4 | Popo · wall_segment Palisade Wall x1 |
| 9:17 | Alt+F4 | Popo · wall_segment Palisade Wall x1 |
| 9:18 | Alt+F4 | Popo · wall_segment Palisade Wall x1 |
| 9:19 | Alt+F4 | Popo · wall_segment Palisade Wall x2 |
| 9:19 | Alt+F4 | Popo · wall_segment Palisade Wall x1 |
| 9:21 | Alt+F4 | Popo · wall_segment Palisade Wall x1 |
| 9:33 | Alt+F4 | Popo · age_up feudal |
| 9:47 | HeN.Razius33 · age_up feudal |
| 10:24 | Alt+F4 | Popo · wall_segment Palisade Wall x4 |
| 10:34 | HeN.Razius33 · first_building Archery Range |
| 11:41 | Alt+F4 | Popo · wall_segment Palisade Wall x1 |
| 11:43 | Alt+F4 | Popo · wall_segment Palisade Wall x1 |
| 11:45 | Alt+F4 | Popo · wall_segment Palisade Wall x1 |
| 11:53 | HeN.Razius33 · wall_segment Palisade Wall x6 |
| 12:03 | Alt+F4 | Popo · first_building Archery Range |
| 13:05 | HeN.Razius33 · wall_segment Palisade Wall x9 |
| 14:20 | Alt+F4 | Popo · wall_segment Palisade Wall x6 |
| 14:47 | Alt+F4 | Popo · wall_segment Palisade Wall x5 |
| 15:23 | Alt+F4 | Popo · wall_segment Palisade Wall x1 |
| 15:24 | Alt+F4 | Popo · wall_segment Palisade Wall x1 |
| 15:24 | Alt+F4 | Popo · wall_segment Palisade Wall x1 |
| 15:25 | Alt+F4 | Popo · wall_segment Palisade Wall x1 |
| 17:11 | Alt+F4 | Popo · wall_segment Palisade Wall x1 |
| 22:50 | Alt+F4 | Popo · age_up castle |
| 23:12 | HeN.Razius33 · age_up castle |
| 23:29 | Alt+F4 | Popo · first_building Siege Workshop |
| 26:09 | HeN.Razius33 · first_building Siege Workshop |
| 26:59 | Alt+F4 | Popo · first_market_buy 100 stone |
| 29:43 | HeN.Razius33 · wall_segment Palisade Wall x8 |
| 29:48 | HeN.Razius33 · wall_segment Palisade Wall x7 |
| 29:55 | HeN.Razius33 · first_building Monastery |
| 32:19 | Alt+F4 | Popo · first_building Monastery |
| 32:20 | HeN.Razius33 · first_building Stable |
| 32:49 | HeN.Razius33 · wall_segment Palisade Wall x1 |
| 34:23 | Alt+F4 | Popo · first_building Castle |
| 36:19 | Alt+F4 | Popo · first_market_sell 500 wood |
| 38:34 | HeN.Razius33 · first_market_buy 100 stone |
| 38:41 | HeN.Razius33 · first_building Castle |
| 38:45 | Alt+F4 | Popo · wall_segment Stone Wall x4 |
| 39:42 | HeN.Razius33 · age_up imperial |
| 39:42 | Alt+F4 | Popo · age_up imperial |
| 41:30 | Alt+F4 | Popo · resign |
[ AI ANALYSIS · 1 CREDIT ]
What really happened in this match?
Wolo.gg analyzes every decision: build order, eco, micro, common mistakes by bracket. Personalized analysis on WhatsApp or Discord in 30 seconds.
Civ guide
Portuguese
Map guide
Arabia
Perfil
HeN.Razius33